 Dungeon Crawl Stone Soup version 0.18-a0-1405-g73f4075 (webtiles) character file.

89 brucemayne the Ruffian (level 4, -2/44 HPs)
             Began as a Troll Monk on Feb 24, 2016.
             Slain by Menkaure (22 damage)
             ... on level 4 of the Dungeon.
             The game lasted 00:02:39 (692 turns).

brucemayne the Ruffian (Troll Monk)                  Turns: 692, Time: 00:02:40

Health: -2/44      AC:  6    Str: 19    XL:     4   Next: 31%
Magic:  3/3        EV: 10    Int:  6    God:
Gold:   26         SH:  0    Dex: 13    Spells: 0 memorised, 3 levels left

rFire  . . .     SeeInvis .       - Unarmed
rCold  . . .     Gourm    +     a - +0 robe
rNeg   . . .     Faith    .     (no shield)
rPois  .         Spirit   .     (helmet restricted)
rElec  .         Dismiss  .     e - +0 cloak (curse)
rCorr  .         Reflect  .     (gloves unavailable)
SustAt .         Harm     .     (boots unavailable)
MR     .....                    (no amulet)
Stlth  +.........               (no ring)
                                (no ring)

@: not resistant to hostile enchantments, very unstealthy
A: unfitting armour, claws 3, fast metabolism 3, gourmand, regeneration 2,
shaggy fur 1, tough skin 2
a: no special abilities


You were on level 4 of the Dungeon.
You were not hungry.

You visited 1 branch of the dungeon, and saw 4 of its levels.

You collected 26 gold pieces.

Inventory:

Armour
 a - a +0 robe (worn)
 e - a cursed +0 cloak (worn)
Jewellery
 m - an uncursed amulet of dismissal
Scrolls
 f - 2 scrolls of enchant weapon {unknown}
 j - a scroll of teleportation {unknown}
 k - 2 scrolls of remove curse {unknown}
Potions
 d - a potion of invisibility {unknown}
 g - a potion of cancellation {unknown}
 i - a potion of brilliance {unknown}
 l - a potion of lignification {unknown}
 o - 2 potions of curing {unknown}
Comestibles
 b - 4 bread rations
 c - a beef jerky
 h - 3 meat rations


   Skills:
 - Level 2.4 Fighting
 - Level 2.4 Dodging
 - Level 1.1 Stealth
 + Level 5.8 Unarmed Combat


You had 3 spell levels left.
You didn't know any spells.

Dungeon Overview and Level Annotations

Branches:
Dungeon (4/15)
 Temple: D:4-7

Altars:

Annotations:
D:4 Azzok's ghost, amateur MiFi; Menkaure


Innate Abilities, Weirdness & Mutations

You are too large for most types of armour.
You have claws for hands.
Your metabolism is lightning-fast.
You like to eat raw meat.
You heal very quickly.
You are covered in fur (AC +1).
You have very tough skin (AC +2).


Message History

You closely miss the orc. The orc closely misses you.
You scratch the orc.
The orc is almost dead.
You claw the orc!
You kill the orc!
No target in view!
Found a short sword.
Menkaure, Prince of Dust comes into view.
Menkaure shouts!
Menkaure hits you!!
You scratch Menkaure.
Menkaure is lightly damaged.
Menkaure hits you!
You scratch Menkaure.
Menkaure is lightly damaged.
You scratch Menkaure.
Menkaure is moderately damaged.
Menkaure hits you!!
Ouch! That really hurt!
You die...

###### #.#..# #....
#.#.###########
#.)...........#
.......#..†#####.####
#......#.#.# #....#
#.##...#<#.# #@..)# #
#.#.#.#.# #M...#
#.#.#.... #....#
#.#####.. .....# #.
##.# ##...# .# ...# #
...# ....# ...


You could see Menkaure.

Vanquished Creatures
  An iguana (D:4)
  A worker ant (D:3)
  An adder (D:4)
  An adder skeleton (D:4)
  A dart slug (D:2)
  2 giant geckos
  2 orcs
  A ball python (D:2)
  A goblin (D:3)
  2 hobgoblins
  3 jackals (D:3)
  2 quokkas
  2 bats
  2 giant newts
  A kobold (D:1)
  A rat (D:3)
24 creatures vanquished.

Notes
Turn   | Place    | Note
--------------------------------------------------------------
     0 | D:1      | brucemayne the Troll Monk began the quest for the Orb.
     0 | D:1      | Reached XP level 1. HP: 22/22 MP: 0/0
   249 | D:2      | Reached XP level 2. HP: 23/29 MP: 1/1
   574 | D:4      | Noticed Azzok's ghost (amateur MiFi)
   610 | D:4      | Reached skill level 5 in Unarmed Combat
   610 | D:4      | Reached XP level 3. HP: 22/36 MP: 2/2
   661 | D:3      | Reached XP level 4. HP: 42/44 MP: 3/3
   686 | D:4      | Noticed Menkaure
   692 | D:4      | Slain by Menkaure

Vault maps used:
D:1:      dpeg_arrival_water_temple_mockup, serial_forest,
          infiniplex_forest_lined_room_2, infiniplex_forest_lined_3,
          infiniplex_forest_lined_room_3, infiniplex_forest_end_2
D:3:      grunt_ministairs_6, uniq_grinder, uniq_robin
D:4:      gammafunk_temple_overflow_elements, first_bread,
          hangedman_abyss_or_decor_lesser_grid, minivault_14,
          uniq_blork_the_orc, uniq_menkaure

Skill      XL: |  1  2 |
---------------+-------+-----
Unarmed Combat | 5 |  5.8
Fighting       | |  2.4
Dodging        | |  2.4
Stealth        | |  1.1

Action                   |  1- 3 |  4- 6 || total
-------------------------+-------+-------++-------
Melee: Unarmed           |    45 |     8 ||    53
 Stab: Distracted        |     1 |       ||     1
  Eat: Chunk             |     3 |       ||     3
